 Dungeon Crawl Stone Soup version 0.27-a0-828-g8289197e94 (webtiles) character file.

Game seed: 12946391306261538970

8810 dickylongcocking the Transmogrifier (level 11, -9/97 HPs)
             Began as an Octopode Transmuter on Mar 30, 2021.
             Was an Initiate of Gozag.
             Mangled by Grum
             ... wielding a +0 spear
              (14 damage)
             ... on level 11 of the Dungeon.
             The game lasted 00:11:10 (15071 turns).

dickylongcocking the Transmogrifier (OpTm)         Turns: 15071, Time: 00:11:11

Health: -9/97      AC: 11    Str: 16    XL:     11   Next: 36%
Magic:  0/30       EV: 10    Int: 18    God:    Gozag
Gold:   1816       SH:  0    Dex: 19    Spells: 15/24 levels left

rFire    . . .     SeeInvis .     - Unarmed
rCold    . . .     Faith    .   (shield currently unavailable)
rNeg     . . .     Spirit   +   (helmet currently unavailable)
rPois    +         Reflect  .   f - amulet of guardian spirit
rElec    .         Harm     .   d - ring of magical power
rCorr    +         Rampage  .   o - +6 ring of dexterity
Will     .....     Clarity  +   s - +6 ring of strength
Stlth    ++........             j - ring of resist corrosion
HPRegen  0.26/turn              x - +4 ring of protection
MPRegen  0.22/turn              (no ring)
                                (no ring)
                                (no ring)

@: hydra-form, very quick
A: fast swimmer, devour, boosted hp, almost no armour, amphibious, 8 rings, very
large, (camouflage 1), (gelatinous body 1), (nimble swimmer 1), (tentacles),
clarity, subdued magic 1
a: End Transformation, Renounce Religion, Potion Petition, Call Merchant, Bribe
Branch


You were on level 11 of the Dungeon.
You worshipped Gozag.
Gozag was most pleased with you.
You were a three-headed hydra.
You visited 1 branch of the dungeon, and saw 11 of its levels.

You collected 2465 gold pieces.
You spent 96 gold pieces at shops.
You paid 553 gold pieces to Gozag.

Inventory:

Armour
 a - a +0 buckler
Jewellery
 d - a ring of magical power (left foreclaw)
 f - an amulet of guardian spirit (around neck)
 j - a ring of resist corrosion (on tentacle)
 o - a +6 ring of dexterity (right foreclaw)
 s - a +6 ring of strength (on tentacle)
 t - an amulet of faith
 x - a +4 ring of protection (on tentacle)
Wands
 g - a wand of polymorph (6)
 h - a wand of random effects (23)
Scrolls
 b - 3 scrolls of fear
 c - a scroll of immolation
 e - a scroll of vulnerability
 i - a scroll of brand weapon
 k - 5 scrolls of teleportation
 n - 3 scrolls of enchant armour
 p - a scroll of enchant weapon
 q - a scroll of torment {unknown}
 v - a scroll of identify
 w - a scroll of summoning {unknown}
Potions
 l - 3 potions of might
 m - 2 potions of brilliance
 r - a potion of flight
 u - a potion of cancellation {unknown}


   Skills:
 * Level 7.1 Fighting
 * Level 4.6 Dodging
 * Level 9.4 Unarmed Combat
 + Level 7.0 Spellcasting
 + Level 10.4 Transmutations


You had 15 spell levels left.
You knew the following spells:

 Your Spells              Type           Power      Damage    Failure   Level
a - Beastly Appendage     Tmut           66%        N/A       1%          1
c - Spider Form           Tmut/Pois      9%         N/A       2%          3
z - Hydra Form            Tmut           16%        N/A       3%          5

Your spell library contained the following spells:

 Spells                   Type           Power      Damage    Failure   Level
 Wereblood                Tmut           33%        N/A       1%          2
 Corona                   Hex            4%         N/A       9%          1
 Ice Form                 Ice/Tmut       19%        N/A       11%         4
 Ensorcelled Hibernation  Hex/Ice        8%         N/A       13%         2
 Confusing Touch          Hex            4%         N/A       28%         3
 Dazzling Flash           Conj/Hex       8%         N/A       28%         3
 Tukima's Dance           Hex            4%         N/A       28%         3


Dungeon Overview and Level Annotations

Branches:
Dungeon (11/15)            Temple (0/1) D:7            Lair (0/6) D:11
    Orc (0/2) D:10

Altars:
Ashenzari
Cheibriados
Fedhas
Gozag
Makhleb
The Shining One

Shops:
D:6 *

Annotations:
D:11 Grum


Innate Abilities, Weirdness & Mutations

You are a three-headed hydra.
You swim very quickly.
You can devour living enemies to heal.
Your maximum health is greatly increased.
Your armour is entirely melded.
You are incapable of wielding weapons or throwing items.
You cannot wear most types of armour.
You are amphibious.
You can wear up to eight rings at the same time.
((Your skin changes colour to match your surroundings (Stealth+).))
((Your rubbery body absorbs attacks. (AC +1, EV +1)))
((You are camouflaged near water. (Stealth+)))
((You have tentacles for arms and can constrict up to eight enemies at once.))
You possess an exceptional clarity of mind.
Your spells are a little easier to cast, but a little less powerful.


Message History

You nip at the two-headed ogre but do no damage.
The two-headed ogre is severely wounded.
The two-headed ogre hits you with a +0 giant club!
The two-headed ogre hits you with a +0 giant club!!
* * * LOW HITPOINT WARNING * * *
Grum barely misses you.
You gouge the two-headed ogre!!
You devour the two-headed ogre!
You feel better.
You kill the two-headed ogre!
You hear a splash. x2
Grum hits you from afar with a +0 spear!
* * * LOW HITPOINT WARNING * * *
Your Fighting skill increases to level 7!
Your Spellcasting skill increases to level 7!
You bite Grum!
Grum is moderately wounded.
Grum hits you but does no damage.
You nip at Grum.
Grum is moderately wounded.
Grum hits you with a +0 spear!
* * * LOW HITPOINT WARNING * * *
You nip at Grum.
Grum is heavily wounded.
Grum splashes around in the water.
You gouge Grum!!
Grum is almost dead.
Grum hits you with a +0 spear.
* * * LOW HITPOINT WARNING * * *
Unknown command.
You nip at Grum.
Grum is almost dead.
You nip at Grum but do no damage.
Grum is almost dead.
Grum hits you with a +0 spear!
* * * LOW HITPOINT WARNING * * *
Unknown command.
Unknown command.
Grum hits you from afar with a +0 spear!
You die...
Your body crumbles into a pile of gold.

..^≈≈≈.≈.≈.≈≈≈≈.#####
..$≈≈≈.≈..≈≈≈≈≈≈#
.≈.≈≈.....≈≈≈≈≈≈#
(.≈≈≈.≈.>.≈≈≈≈≈≈#
...≈≈≈.)..≈≈≈≈≈≈#
..≈≈≈≈.≈.≈.≈≈≈≈≈## ##
....≈≈≈g≈≈≈≈≈≈≈≈.# #.
....≈≈≈≈)≈≈≈≈....# #.
..≈≈≈.≈.D≈≈≈≈.≈..# #.
..≈..≈.≈≈≈≈≈≈≈...# #.
..≈..≈.≈.≈...≈...## #.
.......≈..........# #.
..................#
###.
..##.####...####..#
#... ##
#........####..####.##
#..###..............#
#..............####.##


You could see Grum.

Vanquished Creatures
  A hydra (D:11)
  2 two-headed ogres
  A komodo dragon (D:11)
  2 trolls
  A meliai zombie (D:10)
  A water elemental (D:11)
  Sigmund (D:2)
  3 shadows
  A wraith (D:11)
  9 yaks
  A wyvern (D:9)
  A steam dragon (D:8)
  A two-headed ogre zombie (D:10)
  2 water moccasins
  2 ice beasts
  A black bear (D:5)
  2 sky beasts
  3 necrophages
  3 centaurs
  2 ogres (D:6)
  5 wolves (D:11)
  3 phantoms
  2 bullfrogs
  A wyvern zombie (D:7)
  A water moccasin skeleton (D:5)
  An electric eel (D:11)
  3 howler monkeys (D:7)
  A bullfrog zombie (D:6)
  3 jellies
  A centaur skeleton (D:6)
  A centaur zombie (D:10)
  6 hounds
  2 orc priests
  2 bullfrog skeletons
  4 iguanas
  Terence (D:2)
  4 orc wizards (D:7)
  A killer bee zombie (D:8)
  7 ogre zombies (D:10)
  A hound skeleton (D:5)
  2 howler monkey zombies
  6 adders
  8 gnolls
  A white imp (D:6)
  An adder skeleton (D:4)
  7 dart slugs
  26 orcs
  13 ball pythons
  5 bats
  2 endoplasms
  4 giant cockroaches
  8 goblins
  4 hobgoblins
  4 jackals
  7 kobolds
  A quokka (D:1)
  A frilled lizard (D:3)
  2 goblin zombies (D:10)
  3 hobgoblin skeletons (D:10)
  3 hobgoblin zombies (D:10)
  4 orc skeletons (D:10)
  13 orc zombies (D:10)
  6 rats
221 creatures vanquished.

Vanquished Creatures (others)
  A hobgoblin (D:2)
  A bat (D:2)
2 creatures vanquished.

Grand Total: 223 creatures vanquished

Notes
Turn   | Place    | Note
-------+----------+-------------------------------------------
     0 | D:1      | dickylongcocking the Octopode Transmuter began the quest
                  | for the Orb.
     0 | D:1      | Reached XP level 1. HP: 13/13 MP: 3/3
   328 | D:1      | Reached XP level 2. HP: 18/18 MP: 5/5
   645 | D:1      | Reached XP level 3. HP: 23/23 MP: 4/6
  1337 | D:2      | Found an opulent altar of Gozag.
  1344 | D:2      | Became a worshipper of Gozag Ym Sagoz the Greedy
  1380 | D:2      | Noticed Sigmund
  1393 | D:2      | Killed Sigmund
  1394 | D:2      | Reached XP level 4. HP: 28/28 MP: 7/7
  1394 | D:2      | Reached XP level 5. HP: 33/33 MP: 8/8
  1447 | D:2      | Learned a level 5 spell: Hydra Form
  1505 | D:2      | Found a glowing golden altar of the Shining One.
  1515 | D:2      | Found a broken altar of Ashenzari.
  1795 | D:2      | Noticed Terence
  1815 | D:2      | Killed Terence
  1816 | D:2      | Reached XP level 6. HP: 15/38 MP: 8/9
  2008 | D:2      | Learned a level 3 spell: Spider Form
  2144 | D:2      | Gained mutation: You are weak. (Str -2) [mutagenic glow]
  2156 | D:2      | Gained mutation: Your body sometimes deteriorates upon
                  | taking damage. [mutagenic glow]
  2168 | D:2      | Gained mutation: You sometimes lose the ability to read
                  | scrolls when taking damage. [mutagenic glow]
  2176 | D:2      | Gained mutation: You are robust. (+10% HP) [mutagenic glow]
  2189 | D:2      | Gained mutation: Your body often deteriorates upon taking
                  | damage. [mutagenic glow]
  2200 | D:2      | Gained mutation: You are very weak. (Str -4) [mutagenic
                  | glow]
  3527 | D:3      | Noticed a water moccasin
  3538 | D:3      | Killed a water moccasin
  3539 | D:3      | Reached skill level 3 in Transmutations
  4400 | D:4      | Noticed a necrophage
  4412 | D:4      | Killed a necrophage
  4413 | D:4      | Reached XP level 7. HP: 39/49 MP: 10/10
  5006 | D:4      | Found an opulent altar of Gozag.
  5006 | D:4      | Found a snail-covered altar of Cheibriados.
  5006 | D:4      | Found a burning altar of Makhleb.
  5178 | D:5      | Entered Level 5 of the Dungeon
  5224 | D:5      | Reached skill level 4 in Transmutations
  5750 | D:4      | Gained mutation: You are clumsy. (Dex -2) [mutagenic glow]
  5778 | D:4      | Lost mutation: You are robust. (+10% HP) [mutagenic glow]
  6401 | D:5      | Reached skill level 5 in Transmutations
  6401 | D:5      | Reached XP level 8. HP: 35/52 MP: 11/11
  7493 | D:6      | Reached skill level 6 in Transmutations
  8438 | D:6      | Reached skill level 7 in Transmutations
  8438 | D:6      | Reached XP level 9. HP: 60/60 MP: 12/12
  8548 | D:6      | Identified a scroll of acquirement
  8548 | D:6      | Acquired 800 gold pieces
  8551 | D:6      | Bought a potion of mutation for 96 gold pieces
  8551 | D:6      | Lost mutation: You are very weak. (Str -4) [potion of
                  | mutation]
  8551 | D:6      | Lost mutation: Your body often deteriorates upon taking
                  | damage. [potion of mutation]
  8551 | D:6      | Lost mutation: You are clumsy. (Dex -2) [potion of
                  | mutation]
  8551 | D:6      | Lost mutation: Your body sometimes deteriorates upon taking
                  | damage. [potion of mutation]
  8551 | D:6      | Gained mutation: You expend magic power (3 MP) to
                  | strengthen your wands. [potion of mutation]
  8551 | D:6      | Lost mutation: You are weak. (Str -2) [potion of mutation]
  9009 | D:7      | Reached skill level 5 in Fighting
 10085 | D:7      | Reached skill level 8 in Transmutations
 10412 | D:7      | Found a staircase to the Ecumenical Temple.
 11396 | D:8      | Found a blossoming altar of Fedhas.
 12262 | D:9      | Noticed a two-headed ogre
 12274 | D:9      | Killed a two-headed ogre
 12275 | D:9      | Reached skill level 5 in Spellcasting
 12275 | D:9      | Reached skill level 9 in Transmutations
 12275 | D:9      | Reached XP level 10. HP: 35/66 MP: 5/18
 12841 | D:9      | Noticed a two-headed ogre
 13331 | D:10     | Entered Level 10 of the Dungeon
 13378 | D:10     | Reached skill level 10 in Transmutations
 13609 | D:10     | Found a staircase to the Orcish Mines.
 14241 | D:11     | Found an opulent altar of Gozag.
 14430 | D:11     | Noticed a four-headed hydra
 14439 | D:11     | Found a staircase to the Lair.
 14544 | D:11     | Reached XP level 11. HP: 74/74 MP: 21/21
 14572 | D:11     | Killed a four-headed hydra
 14757 | D:11     | Noticed Grum
 14763 | D:11     | Noticed a two-headed ogre
 15038 | D:11     | Lost mutation: You sometimes lose the ability to read
                  | scrolls when taking damage. [potion of mutation]
 15038 | D:11     | Lost mutation: You expend magic power (3 MP) to strengthen
                  | your wands. [potion of mutation]
 15038 | D:11     | Gained mutation: Your spells are a little easier to cast,
                  | but a little less powerful. [potion of mutation]
 15038 | D:11     | Gained mutation: You possess an exceptional clarity of
                  | mind. [potion of mutation]
 15063 | D:11     | Killed a two-headed ogre
 15071 | D:11     | Mangled by Grum

Illustrated notes

Levels and vault maps discovered:
D:1:      minmay_arrival_solitary_statue, layout_loops_ring
D:2:      layout_loops_ring, lemuel_crystal_altar, nicolae_ashenzari_panopticon,
          grunt_gozag_statues, uniq_terence, uniq_sigmund
D:3:      layout_loops_corners
D:4:      layout_cave_pools, gammafunk_temple_overflow_claw
D:5:      layout_cave_pools
D:6:      layout_cave_pools
D:7:      layout_basic, minmay_temple_entry_from_below_a, minivault_25,
          chequers_hall_statues_corner_a
D:8:      layout_basic, kennysheep_mini
D:9:      layout_stronghold, ebering_dispersal_statue_hall
D:10:     layout_rooms, zombieorc2_lemuel
D:11:     layout_loops_ring, erik_lair_island, basic_altar, uniq_grum

Skill      XL: |  1  2  3  4  5  6  7  8  9 10 11 |
---------------+----------------------------------+-----
Unarmed Combat | 4 6 7 8 9 |  9.4
Fighting       | 2 3 4 5 6 7 |  7.1
Transmutations | 3 5 7 9 10 | 10.4
Spellcasting   | 5 6 7 |  7.0
Dodging        | 3 4 |  4.6

Action                   |  1- 3 |  4- 6 |  7- 9 | 10-12 || total
-------------------------+-------+-------+-------+-------++-------
Melee: Unarmed           |    62 |   129 |   361 |   119 ||   671
       Constrict         |    20 |    32 |    37 |       ||    89
       Kick              |     5 |     6 |     8 |       ||    19
       Tentacles         |    11 |    10 |    48 |       ||    69
       Punch             |     1 |     2 |     6 |       ||     9
 Cast: Beastly Appendage |     7 |     2 |     3 |       ||    12
       Spider Form       |       |       |    15 |       ||    15
       Hydra Form        |       |       |     5 |    14 ||    19
Invok: Call Merchant     |       |       |     1 |       ||     1
Evoke: Wand              |       |       |     5 |       ||     5
  Use: Potion            |       |     5 |     7 |     2 ||    14
       Scroll            |       |       |    11 |       ||    11
 Stab: Sleeping          |     5 |     9 |     7 |       ||    21
       Paralysed         |       |       |    10 |       ||    10
Armor: Skin              |     5 |     9 |    40 |    45 ||    99
Dodge: Dodged            |    44 |    75 |   270 |    57 ||   446

Table legend: (Time is in decaauts)
 A = Elapsed time spent in this place.
 B = Non-inter-level travel time spent in this place.
 C = Inter-level travel time spent in this place.
 D = Time resting spent in this place.
 E = Time spent auto-exploring this place.
 F = Levels seen in this place.
 G = Mean time per level.
                   A        B        C        D        E       F      G
               +--------+--------+--------+--------+--------+-----+--------+
         Total |  14983 |  14664 |    319 |   3335 |   9494 |  11 | 1362.1 |
       Dungeon |  14983 |  14664 |    319 |   3335 |   9494 |  11 | 1362.1 |
               +--------+--------+--------+--------+--------+-----+--------+

Top non-repeatable levels by time:
     D:7: 1752 daAuts
     D:3: 1608 daAuts
     D:5: 1602 daAuts
     D:9: 1532 daAuts
     D:2: 1500 daAuts
     D:6: 1462 daAuts
     D:4: 1432 daAuts
     D:1: 1263 daAuts
    D:10: 1139 daAuts
     D:8: 1112 daAuts
    D:11: 577 daAuts
